 Dungeon Crawl Stone Soup version 0.24.0-125-gc4c63601f3 (webtiles) character file.

Game seed: 6376558420799550068, levelgen mode: deterministic

6236 MisterOstroum the Jinx (level 10, -3/111 HPs)
             Began as a Vampire Wanderer on Mar 13, 2020.
             Was a Believer of Uskayaw.
             Slain by a cyclops (15 damage)
             ... on level 11 of the Dungeon.
             The game lasted 00:47:53 (14145 turns).

MisterOstroum the Jinx (Vampire Wanderer)          Turns: 14145, Time: 00:47:53

Health: -3/111     AC: 25    Str:  9    XL:     10   Next: 62%
Magic:  0/14       EV:  2    Int: 23    God:    Uskayaw [**....]
Gold:   478        SH:  4    Dex: 11    Spells: 7/15 levels left

rFire    . . .     SeeInvis +   b - +0 short sword (venom)
rCold    . . .     Gourm    .   B - +0 buckler
rNeg     + + +     Faith    .   (armour currently unavailable)
rPois    +         Spirit   .   (helmet currently unavailable)
rElec    .         Reflect  .   (cloak currently unavailable)
rCorr    .         Harm     .   (gloves currently unavailable)
MR       +....     NoTele   +   (boots currently unavailable)
Stlth    ++++......             (no amulet)
HPRegen  0.48/turn              s - +6 ring of evasion
MPRegen  0.14/turn              (no ring)

@: tree-form, regenerating quickly
A: no food, see invisible
a: Exsanguinate, Stomp, Line Pass, Renounce Religion


You were on level 11 of the Dungeon.
You worshipped Uskayaw.
Uskayaw was noncommittal.
You were alive.
You were a tree.
You visited 1 branch of the dungeon, and saw 11 of its levels.

You collected 478 gold pieces.

Inventory:

Hand Weapons
 a - a +2 spear
 b - a +0 short sword of venom (weapon)
 c - a +0 shortbow
 G - a +2 long sword of electrocution
Missiles
 f - 318 stones
 h - 65 sling bullets
 m - 67 bolts
 n - 2 throwing nets {!f}
 u - 8 boomerangs
 v - 29 poisoned darts (quivered)
 y - 142 arrows
Armour
 d - a +0 robe (melded)
 e - a +0 shield
 g - a scarf of spirit shield (melded)
 o - a +2 helmet (melded)
 t - a +2 pair of gloves (melded)
 B - a +0 buckler (worn)
 L - a +0 troll leather armour
Jewellery
 s - a +6 ring of evasion (left branch)
Wands
 l - a wand of scattershot (7)
 r - a wand of acid (4)
 F - a wand of polymorph (14)
 K - a wand of clouds (12)
 N - a wand of flame (14)
Scrolls
 k - 2 scrolls of remove curse {@r2}
 p - 2 scrolls of enchant weapon {unknown}
 q - 4 scrolls of teleportation {@r3 !r}
 x - a scroll of magic mapping {unknown}
 A - 3 scrolls of identify {@r1}
 D - a scroll of fear {unknown}
 E - 3 scrolls of fog {unknown}
 H - a scroll of enchant armour
 J - a scroll of vulnerability {unknown}
Potions
 i - a potion of lignification {@q6}
 j - a potion of might {@q3 !q}
 w - a potion of brilliance
 C - 2 potions of mutation
 I - a potion of haste {@q4 !q}
Miscellaneous
 M - a sack of spiders


   Skills:
 + Level 5.3 Fighting
 * Level 7.3 Short Blades
 - Level 4.0 Polearms
 - Level 1.0 Armour
 + Level 3.8 Dodging
 * Level 9.2 Stealth
 - Level 4.0 Shields
 + Level 3.1 Spellcasting
 - Level 10.0 Hexes
 * Level 5.1 Invocations
 - Level 3.0 Evocations


You had 7 spell levels left.
You knew the following spells:

 Your Spells              Type           Power        Failure   Level  Hunger
a - Tukima's Dance        Hex            ######..     1%          3    N/A
b - Ensorcelled Hibernat  Hex/Ice        ####..       2%          2    N/A
c - Confuse               Hex            ######..     1%          3    N/A

Your spell library contained the following spells:

 Spells                   Type           Power        Failure   Level  Hunger
 Corona                   Hex            ######.      1%          1    N/A
 Dazzling Spray           Conj/Hex       ####..       4%          3    N/A

Dungeon Overview and Level Annotations

Branches:
Dungeon (11/15)            Temple (0/1) D:6            Lair (0/6) D:8
    Orc: D:9-12

Altars:
Ashenzari
Fedhas
Kikubaaqudgha
Makhleb
Qazlal
Ru
Trog
Uskayaw
Wu Jian

Shops:
D:10 =   D:11 =

Annotations:
D:8 exclusions: 3 death yaks, hell rat and killer bee
D:10 Josephine
D:11 exclusion: ugly thing


Innate Abilities, Weirdness & Mutations

You do not eat.
Your natural rate of healing is unusually fast.
((You have razor-sharp teeth.))
You have supernaturally acute eyesight. (SInv)
((You can survive without breathing.))


Message History

You block the orc wizard's attack.
Found a glaive.
Things that are here:
a +0 dagger; a +0 robe You barely miss the orc wizard.
The orc wizard is severely wounded.
The centaur barely misses you.
The orc wizard points at you and mumbles some strange words.
The puff of flame misses you.
You miss the orc wizard.
The orc wizard is severely wounded.
You block the centaur's attack. The orc wizard closely misses you.
The centaur completely misses you.
You hit the orc wizard but do no damage.
The orc wizard is poisoned.
The orc wizard is severely wounded.
The orc wizard misses you. The centaur barely misses you.
You hit the orc wizard but do no damage.
The orc wizard looks as sick as possible!
The orc wizard is almost dead.
You block the orc wizard's attack. The centaur misses you.
A cyclops comes into view.
The cyclops shouts!
You hit the orc wizard.
You kill the orc wizard!
The centaur hits you!
The cyclops throws a large rock.
The large rock hits you.
The centaur hits you but does no damage.
Things that are here:
a +0 dagger; a +0 robe; an orc corpse You stomp with the beat, sending a shockwave through the revelers around you!
The cyclops is moderately wounded.
The centaur is heavily wounded.
You can no longer stomp with the beat.
The centaur hits you but does no damage.
The cyclops completely misses you. The centaur barely misses you.
You can now stomp with the beat.
Really quaff the potion of lignification? [Y]es or [N]o only, please.
Really quaff the potion of lignification?
You turn into a tree.
Your scarf of spirit shield melds into your body.
Your +2 helmet melds into your body.
Your +2 pair of gloves melds into your body.
Your +0 robe melds into your body.
You feel strangely alone.
Your roots penetrate the ground.
The centaur hits you but does no damage.
The cyclops barely misses you.
You hit the centaur.
The centaur is poisoned.
The centaur is severely wounded.
The centaur hits you but does no damage.
The centaur hits you.
You hit the centaur but do no damage.
The centaur is severely wounded.
You block the cyclops's attack.
The centaur hits you but does no damage.
You hit the cyclops.
The cyclops is poisoned.
The cyclops is moderately wounded.
The centaur hits you but does no damage.
You hit the centaur.
The centaur is severely wounded.
The centaur hits you but does no damage.
The cyclops hits you but does no damage.
You hit the centaur.
The centaur looks even sicker.
The centaur is almost dead.
The centaur barely misses you.
You hit the cyclops.
The cyclops is lightly wounded.
The centaur hits you. The cyclops hits you!!
You hit the cyclops.
The cyclops is lightly wounded.
The centaur barely misses you.
The cyclops hits you but does no damage.
You can now pass through a line of other dancers.
You hit the centaur.
The centaur looks as sick as possible!
The centaur is almost dead.
You kill the centaur!
The cyclops hits you!
The cyclops hits you but does no damage.
Casting: Confuse (safe; 1% risk of failure)
Confirm with . or Enter, or press ? or * to list all spells.
Aiming: Confuse (safe; 1% risk of failure)
Press: ? - help, Shift-Dir - straight line, f - cyclops
Aim: a cyclops (lightly wounded, chance to defeat MR: 55%)
The cyclops resists with significant effort.
The cyclops hits you!!
* * * LOW HITPOINT WARNING * * *
You hit the cyclops.
The cyclops looks as sick as possible!
The cyclops is moderately wounded.
The cyclops hits you!
* * * LOW HITPOINT WARNING * * *
You hit the cyclops.
The cyclops looks as sick as possible!
The cyclops is heavily wounded.
The cyclops hits you but does no damage.
Unknown command.
Really quaff
z - a potion of curing {@q1 !q}?
You feel better. The cyclops barely misses you.
You hit the cyclops.
The cyclops is poisoned.
The cyclops is lightly wounded.
The cyclops hits you!
You die...

#........#
#........#
#........#
##.........
..........
#.........
#).C......
#(♣C......
#().......
#(........
#..###....
#..# )..
#..# ..
#(.# .
#♣..# #...#


You could see 2 cyclopes.

Vanquished Creatures
  Harold (D:10)
  Nergalle (D:10)
  A gargoyle (D:10)
  A troll (D:10)
  A hornet (D:5)
  A hippogriff (D:5)
  2 wraiths
  A wyvern (D:8)
  A hungry ghost (D:8)
  An ice beast (D:6)
  A sky beast (D:5)
  An ogre (D:6)
  A phantom (D:4)
  A necrophage (D:8)
  5 centaurs
  A crocodile (D:10)
  Blork the orc (D:5)
  6 bullfrogs
  A wyvern zombie (D:6)
  A wyvern skeleton (D:6)
  2 scorpions (D:8)
  A water moccasin skeleton (D:5)
  10 killer bees
  2 wights (D:6)
  3 howler monkeys
  3 crimson imps
  2 centaur zombies
  A bullfrog zombie (D:9)
  2 hounds (D:9)
  7 orc wizards
  4 jellies
  A centaur skeleton (D:8)
  6 orc priests
  6 iguanas
  8 worker ants
  A hound zombie (D:8)
  6 adders
  A river rat (D:8)
  3 shadow imps
  2 oozes
  An adder skeleton (D:6)
  3 worms (D:2)
  A dart slug (D:5)
  7 leopard geckos
  24 orcs
  4 ball pythons
  4 giant cockroaches
  9 goblins
  5 hobgoblins
  26 jackals
  4 kobolds
  A quokka (D:6)
  5 bats (D:1)
  3 frilled lizards
  A jackal skeleton (D:5)
  A leopard gecko zombie (D:6)
  A quokka zombie (D:8)
  8 rats
209 creatures vanquished.

Vanquished Creatures (collateral kills)
  An orc warrior (D:10)
  3 wights (D:7)
  An orc (D:10)
5 creatures vanquished.

Vanquished Creatures (others)
  A human (D:2)
1 creature vanquished.

Grand Total: 215 creatures vanquished

Notes
Turn   | Place    | Note
-------+----------+-------------------------------------------
     0 | D:1      | MisterOstroum the Vampire Wanderer began the quest for the
                  | Orb.
     0 | D:1      | MisterOstroum set off with the following items: a +2 spear,
                  | a potion of lignification {@q6}, a +0 buckler, a +0 robe
     0 | D:1      | Reached XP level 1. HP: 17/17 MP: 1/1
   115 | D:1      | Reached XP level 2. HP: 23/23 MP: 2/2
   800 | D:2      | Reached XP level 3. HP: 27/29 MP: 3/3
  1166 | D:2      | Found a faded altar of an unknown god.
  1192 | D:2      | Became a worshipper of Uskayaw the Reveler
  1192 | D:2      | Reached * piety under Uskayaw
  1245 | D:2      | Found an ancient bone altar of Kikubaaqudgha.
  1246 | D:2      | Noticed a human
  1248 | D:2      | Killed a human
  1537 | D:2      | Reached XP level 4. HP: 30/35 MP: 4/4
  1571 | D:2      | Found a hide-covered altar of Uskayaw.
  1800 | D:2      | Found a sacrificial altar of Ru.
  2131 | D:3      | Reached ** piety under Uskayaw
  2685 | D:4      | Noticed a phantom
  2749 | D:4      | Found an ornate altar of the Wu Jian Council.
  2846 | D:4      | Found a stormy altar of Qazlal.
  2982 | D:4      | Reached XP level 5. HP: 41/42 MP: 2/5
  2988 | D:4      | Reached *** piety under Uskayaw
  3462 | D:4      | Found a shattered altar of Ashenzari.
  3464 | D:4      | Found a burning altar of Makhleb.
  3834 | D:3      | Found a blossoming altar of Fedhas.
  3940 | D:4      | Reached XP level 6. HP: 48/48 MP: 6/6
  4214 | D:5      | Entered Level 5 of the Dungeon
  4381 | D:5      | Learned a level 2 spell: Ensorcelled Hibernation
  4385 | D:5      | Learned a level 3 spell: Confuse
  4537 | D:5      | Reached skill level 1 in Short Blades
  4701 | D:5      | Noticed Blork the orc
  4722 | D:5      | Killed Blork the orc
  4722 | D:5      | Reached skill level 1 in Hexes
  4976 | D:5      | Noticed a sky beast
  5017 | D:5      | Reached skill level 1 in Invocations
  5017 | D:5      | Reached skill level 1 in Evocations
  5439 | D:6      | Found a staircase to the Ecumenical Temple.
  5440 | D:6      | Noticed an ice beast
  5538 | D:6      | Noticed a hippogriff
  5556 | D:5      | Reached skill level 2 in Hexes
  5556 | D:5      | Reached XP level 7. HP: 22/54 MP: 1/7
  6093 | D:5      | Killed a hippogriff
  6093 | D:5      | Reached skill level 4 in Hexes
  6313 | D:6      | Reached skill level 5 in Hexes
  6477 | D:6      | Reached XP level 8. HP: 17/60 MP: 2/9
  6706 | D:6      | Reached skill level 6 in Hexes
  6759 | D:6      | Noticed a hornet
  6849 | D:5      | Killed a hornet
  7157 | D:5      | Reached skill level 7 in Hexes
  8423 | D:4      | Reached skill level 8 in Hexes
  8529 | D:6      | Reached skill level 5 in Stealth
  8661 | D:6      | Reached XP level 9. HP: 19/65 MP: 2/11
  8890 | D:7      | Learned a level 3 spell: Tukima's Dance
  8927 | D:6      | Reached skill level 5 in Short Blades
  8927 | D:6      | Reached skill level 1 in Spellcasting
 10397 | D:8      | Found a staircase to the Lair.
 10397 | D:8      | Noticed a death yak
 10714 | D:8      | Noticed a death yak
 10726 | D:8      | Noticed a death yak
 10799 | D:8      | Reached skill level 9 in Hexes
 12683 | D:10     | Entered Level 10 of the Dungeon
 12794 | D:10     | Noticed Nergalle
 12853 | D:10     | Killed Nergalle
 12853 | D:10     | Reached XP level 10. HP: 42/58 MP: 13/13
 12965 | D:10     | Found Fuokk's Jewellery Shop.
 12980 | D:10     | Noticed a gargoyle
 13080 | D:10     | Killed a gargoyle
 13080 | D:10     | Reached skill level 10 in Hexes
 13110 | D:10     | Reached skill level 5 in Fighting
 13199 | D:10     | Noticed Harold
 13227 | D:10     | Killed Harold
 13400 | D:10     | Found a bloodstained altar of Trog.
 13716 | D:9      | Reached skill level 5 in Invocations
 13835 | D:10     | Noticed Josephine
 14068 | D:11     | Noticed a red ugly thing
 14099 | D:11     | Found Lessea's Jewellery Emporium.
 14118 | D:11     | Noticed a cyclops
 14128 | D:11     | Noticed a cyclops
 14145 | D:11     | Slain by a cyclops

Levels and vault maps discovered:
D:1:      lightli_molten_gateway, layout_basic
D:2:      layout_basic, lemuel_doored_altar, nicolae_ru_the_path_less_chosen,
          chequers_ecumenical_altar_simple, first_ration, tgw_kikubaaqudgha
D:3:      layout_loops_ring, marbit_many_paths
D:4:      layout_basic, lemuel_coloured_pillars_altar,
          overflow_temple_1_default, minitemple
D:5:      layout_loops_ring, uniq_blork_the_orc
D:6:      layout_loops_ring, minmay_temple_entry_mini_moons
D:7:      layout_layer_cave
D:8:      layout_basic, dpeg_lair_monsters, kennysheep_another_room
D:9:      layout_basic
D:10:     layout_rooms, basic_altar, serial_shops, kennysheep_mini, uniq_harold,
          uniq_josephine, uniq_nergalle
D:11:     layout_long_grid, orc_0_dummy, serial_shops, kennysheep_mini_moat,
          nicolae_shop_trees, kennysheep_little_box, grunt_ogre_cave

Skill      XL: |  1  2  3  4  5  6  7  8  9 10 |
---------------+-------------------------------+-----
Stealth        | 2 3 4 5 7 9 |  9.2
Polearms       | 3 4 |  4.0
Fighting       | 3 4 5 |  5.3
Shields        | 2 3 4 |  4.0
Short Blades   | 2 3 4 6 7 |  7.3
Hexes          | 2 5 8 9 10 | 10.0
Invocations    | 1 3 4 5 |  5.1
Evocations     | 1 3 |  3.0
Spellcasting   | 2 3 |  3.1
Dodging        | 2 3 |  3.8
Armour         | |  1.0

Action                   |  1- 3 |  4- 6 |  7- 9 | 10-12 || total
-------------------------+-------+-------+-------+-------++-------
Melee: Spear             |   126 |   217 |   190 |     2 ||   535
       Bite              |     4 |    19 |    47 |    16 ||    86
       Unarmed           |       |    11 |       |       ||    11
       Dagger            |       |    41 |   208 |       ||   249
       Short sword       |       |       |   205 |   148 ||   353
Throw: Dart              |    25 |    37 |    34 |     6 ||   102
       Stone             |     1 |    16 |    26 |       ||    43
       Throwing net      |       |     1 |       |       ||     1
       Boomerang         |       |       |       |     1 ||     1
 Cast: Ensorcelled Hiber |       |     2 |    56 |     5 ||    63
       Confuse           |       |     2 |    39 |    15 ||    56
       Tukima's Dance    |       |       |     7 |     4 ||    11
Invok: Stomp             |     1 |    10 |    13 |     4 ||    28
 Abil: Exsanguinate      |       |       |     3 |       ||     3
       Revivify          |       |       |     2 |     1 ||     3
Evoke: Wand              |       |     1 |     5 |       ||     6
  Use: Scroll            |     5 |     5 |     6 |       ||    16
       Potion            |       |     3 |       |     3 ||     6
 Stab: Sleeping          |     9 |     6 |    23 |     3 ||    41
       Confused          |       |       |    25 |    12 ||    37
       Distracted        |       |       |       |     1 ||     1
Armor: Robe              |    14 |    55 |   113 |    15 ||   197
       Skin              |       |    16 |       |     9 ||    25
Dodge: Dodged            |    53 |    88 |   335 |   104 ||   580
Block: Buckler           |    10 |    37 |    84 |    19 ||   150
